 Dungeon Crawl Stone Soup version 0.28-a0-1429-gf3d713df7a (webtiles) character file.

Game seed: 2744432990456104606

39 tilp the Chiller (level 3, 0/14 HPs)
             Began as a Felid Ice Elementalist on Jan 8, 2022.
             Slain by a gnoll (4 damage)
             ... on level 2 of the Dungeon.
             The game lasted 00:01:16 (1353 turns).

tilp the Chiller (Felid Ice Elementalist)           Turns: 1353, Time: 00:01:17

Health: 0/14       AC:  1    Str:  4    XL:     3   Next: 28%
Magic:  4/7        EV: 17    Int: 18    God:
Gold:   65         SH:  0    Dex: 16    Spells: 3/7 levels left
                                        Lives:  0   Deaths: 0

rFire   . . .      SeeInvis +   (weapon unavailable)
rCold   . . .      Faith    .   (shield unavailable)
rNeg    . . .      Spirit   .   (armour unavailable)
rPois   .          Reflect  .   (helmet unavailable)
rElec   .          Harm     .   (cloak unavailable)
rCorr   .          Rampage  .   (gloves unavailable)
Will    .....                   (boots unavailable)
Stlth   ++........              (no amulet)
HPRegen 0.04/turn               (no ring)
MPRegen 0.10/turn               (no ring)

@: quick
A: very small, claws 1, fangs 3, see invisible, speed 1, shaggy fur 1, stealthy
paws, no weapons or thrown items, no armour, multi-lived
a: no special abilities


You were on level 2 of the Dungeon.
You visited 1 branch of the dungeon, and saw 2 of its levels.

You collected 65 gold pieces.

You aren't carrying anything.


   Skills:
 - Level 2.6 Dodging
 - Level 2.6 Stealth
 + Level 2.5 Spellcasting
 * Level 4.3 Ice Magic


You had 3 spell levels left.
You knew the following spells:

 Your Spells              Type           Power      Damage    Failure   Level
a - Freeze                Ice            72%        1d9       2%          1
b - Frozen Ramparts       Ice            36%        1d5       9%          3

Your spell library contained the following spells:

 Spells                   Type           Power      Damage    Failure   Level
 Ozocubu's Armour         Ice            18%        N/A       9%          3
 Hailstorm                Conj/Ice       10%        3d5       56%         4


Dungeon Overview and Level Annotations

Branches:
Dungeon (2/15)

Altars:


Innate Abilities, Weirdness & Mutations

You have sharp claws.
You have razor-sharp teeth.
You have supernaturally acute eyesight. (SInv)
You cover ground quickly. (Speed+)
You are covered in fur. (AC +1)
Your paws help you pounce on unaware monsters.
You are incapable of wielding weapons or throwing items.
You cannot wear armour.
You gain extra lives every three experience levels.


Message History

You freeze the gnoll.
The gnoll is severely wounded.
The gnoll closely misses you.
Unknown command.
Casting: Freeze (safe; 3% risk of failure)
Confirm with . or Enter, or press ? or * to list all spells.
Aiming: Freeze (safe; 3% risk of failure)
Press: ? - help, Shift-Dir - straight line, f/p - gnoll
Aim: a gnoll, wielding a +0 club (severely wounded)
You freeze the gnoll!
You kill the gnoll!
The gnoll shouts!
Unknown command.
There is a stone staircase leading up here.
There are monsters nearby!
Casting: Freeze (safe; 2% risk of failure)
Confirm with . or Enter, or press ? or * to list all spells.
The spell is potentially lethal to miscast (9% risk of failure)!
Continue anyway?
Okay, then.
Casting: Frozen Ramparts (potentially lethal; 9% risk of failure)
Confirm with . or Enter, or press ? or * to list all spells.
The spell is potentially lethal to miscast (9% risk of failure)!
Continue anyway?
Casting: Frozen Ramparts (potentially lethal; 9% risk of failure)
Press: ? - help, Dir - look around, f - activate The walls around you are covered in ice.
The wall freezes the goblin.
You kill the goblin!
Unknown command.
The wall freezes the gnoll.
The wall freezes the gnoll.
The gnoll barely misses you.
The wall freezes the gnoll.
The gnoll hits you from afar with a +0 spear!
Ouch! That really hurt!
* * * LOW HITPOINT WARNING * * *
Unknown command.
The wall freezes the gnoll.
The gnoll barely misses you.
Unknown command.
The frozen ramparts melt away.
The gnoll hits you from afar with a +0 spear.
You die...

### #.# #.# ### #.# ###### ###
###.###.##### #....# #..
#......)g.@.# #....#####.#
#.#..######.# #..........#
####.#..#####..# #......##..#
.......<...##..####..........#
####gg......#.....†......##..#
..#####.....#..#..##.####.......#
.................†.)>....<......#
g)...)............#...#...###.#.#
.#..............................#


You could see a gnoll.

Vanquished Creatures
  An adder (D:2)
  A gnoll (D:2)
  A dart slug (D:2)
  2 bats (D:1)
  2 endoplasms (D:1)
  3 hobgoblins
  2 quokkas (D:2)
  2 frilled lizards (D:1)
  2 goblins (D:2)
  2 kobolds (D:1)
  A rat (D:2)
19 creatures vanquished.

Notes
Turn   | Place    | Note
-------+----------+-------------------------------------------
     0 | D:1      | tilp the Felid Ice Elementalist began the quest for the
                  | Orb.
     0 | D:1      | Reached XP level 1. HP: 7/7 MP: 4/4
   250 | D:1      | Reached XP level 2. HP: 11/11 MP: 0/6
   856 | D:2      | Reached skill level 4 in Ice Magic
  1191 | D:2      | Reached XP level 3. HP: 14/14 MP: 4/7
  1195 | D:2      | Learned a level 3 spell: Frozen Ramparts
  1353 | D:2      | Slain by a gnoll

Illustrated notes

Levels and vault maps discovered:
D:1:      grunt_arrival_crossed_arrows, layout_basic
D:2:      minmay_chambers_of_twos, layout_basic

Skill      XL: |  1  2 |
---------------+-------+-----
Ice Magic      | 4 |  4.3
Dodging        | |  2.6
Stealth        | |  2.6
Spellcasting   | |  2.5

Action                   || total
-------------------------++-------
Melee: Unarmed           ||     6
       Bite              ||     2
 Cast: Freeze            ||    25
       Frozen Ramparts   ||     1
  Use: Scroll            ||     2
 Stab: Sleeping          ||     5
Armor: Skin              ||     1
Dodge: Dodged            ||    21

Table legend: (Time is in decaauts)
 A = Elapsed time spent in this place.
 B = Non-inter-level travel time spent in this place.
 C = Inter-level travel time spent in this place.
 D = Time resting spent in this place.
 E = Time spent auto-exploring this place.
 F = Levels seen in this place.
 G = Mean time per level.
                   A        B        C        D        E       F      G
               +--------+--------+--------+--------+--------+-----+--------+
         Total |   1211 |   1153 |     58 |    345 |    672 |   2 |  605.5 |
       Dungeon |   1211 |   1153 |     58 |    345 |    672 |   2 |  605.5 |
               +--------+--------+--------+--------+--------+-----+--------+

Top non-repeatable levels by time:
     D:1: 722 daAuts
     D:2: 488 daAuts
